 Dungeon Crawl Stone Soup version 0.28-a0-957-g42eb19b844 (webtiles) character file.

Game seed: 10729423428182870268

333 Redcow54321 the Cudgeller (level 6, -11/37 HPs)
             Began as a Gargoyle Fighter on Nov 30, 2021.
             Was a Believer of Elyvilon.
             Mangled by an ogre (15 damage)
             ... on level 3 of the Dungeon.
             The game lasted 00:07:32 (3557 turns).

Redcow54321 the Cudgeller (Gargoyle Fighter)        Turns: 3557, Time: 00:07:33

Health: -11/37     AC: 11    Str: 21    XL:     6   Next: 52%
Magic:  6/6        EV:  9    Int:  9    God:    Elyvilon [**....]
Gold:   201        SH:  4    Dex:  9    Spells: 5/5 levels left

rFire   . . .      SeeInvis .   a - +0 flail
rCold   . . .      Faith    .   c - +0 buckler
rNeg    + . .      Spirit   .   b - +0 scale mail
rPois   ∞          Reflect  .   (no helmet)
rElec   +          Harm     .   (no cloak)
rCorr   .          Rampage  .   (no gloves)
Will    .....                   (no boots)
Stlth   ..........              (no amulet)
HPRegen 0.12/turn               e - ring of flight
MPRegen 0.10/turn               (no ring)

@: flying
A: sickness immunity, AC +4, negative energy resistance 1, electricity
resistance, torment resistance 1, petrification resistance
a: Renounce Religion, Purification, Heal Other


You were on level 3 of the Dungeon.
You worshipped Elyvilon.
Elyvilon was pleased with you.
You visited 1 branch of the dungeon, and saw 3 of its levels.

You collected 201 gold pieces.

Inventory:

Hand Weapons
 a - a +0 flail (weapon)
Armour
 b - a +0 scale mail (worn)
 c - a +0 buckler (worn)
Jewellery
 e - a ring of flight (left hand)
 l - an amulet of faith
Scrolls
 f - a scroll of acquirement {unknown}
 g - a scroll of teleportation {unknown}
 h - 2 scrolls of identify {unknown}
 k - a scroll of magic mapping {unknown}
Potions
 d - a potion of invisibility {unknown}
 i - a potion of haste {unknown}
 m - a potion of ambrosia {unknown}


   Skills:
 + Level 3.4 Fighting
 * Level 6.5 Maces & Flails
 - Level 3.2 Armour
 - Level 0.6 Dodging
 - Level 3.2 Shields


You had 5 spell levels left.
You didn't know any spells.
Your spell library contained the following spells:

 Spells                   Type           Power      Damage    Failure   Level
 Magic Dart               Conj           0%         1d3       77%         1
 Call Imp                 Summ           0%         N/A       88%         2
 Call Canine Familiar     Summ           0%         N/A       98%         3
 Mephitic Cloud           Conj/Pois/Air  0%         N/A       98%         3
 Portal Projectile        Hex/Tloc       0%         N/A       98%         3
 Leda's Liquefaction      Hex/Erth       0%         N/A       100%        4


Dungeon Overview and Level Annotations

Branches:
Dungeon (3/15)

Altars:
Ashenzari
Elyvilon


Innate Abilities, Weirdness & Mutations

You are immune to sickness and miasma.
Your stone body is resilient. (AC +4)
You are immune to poison.
You resist negative energy. (rN+)
You are resistant to electric shocks. (rElec)
You are resistant to unholy torment.
You are immune to petrification.


Message History

You hit something.
Reactivating autopickup.
You feel a bit more experienced. The orc barely misses you.
Items here: )))) [[[.
You closely miss the orc. The orc closely misses you.
You thump the orc!
You kill the orc!
Things that are here:
a +0 hand axe; a +0 ring mail
Items here: )))) [[[.
You start resting.
HP restored.
You now have 201 gold pieces (gained 8).
Found a ring mail.
Items here: ))))) [[[.
Things that are here:
a +0 club; a +0 hunting sling; 11 stones
Things that are here:
a +0 club; a +0 hunting sling; 11 stones
Items here: ))))) [[[.
An ogre comes into view. It is wielding a +0 giant club.
The ogre shouts!
The ogre hits you with a +0 giant club!
You barely miss the ogre. The ogre hits you with a +0 giant club!
The ogre hits you with a +0 giant club.
* * * LOW HITPOINT WARNING * * *
Items here: ))))) [[[.
There is a stone staircase leading down here.
Hit: a) +0 flail
Press: ? - help, Dir - move target, f - ogre
Aim: an ogre, wielding a +0 giant club (about 28% to evade your +0 flail)
You sock the ogre!
The ogre is moderately wounded.
The ogre barely misses you.
You hit the ogre.
The ogre is moderately wounded.
The ogre hits you with a +0 giant club!
* * * LOW HITPOINT WARNING * * *
The ogre hits you with a +0 giant club!
You die...

.###....# #.#.....#
........# #########
........# #.......#
.#.#########.#####.# #######
...#.......#.#####.# #.....#
.###.......#....##.###.###.#
.###....##.#..#..O..>....#.#
###.............@..###.#.#.#
#.....##.######### #.....#
#........# ####.##
#........# #.#
#..#..##.######## #.#
#.....##........# ##.#
###..#.###........# #..#
..#...............# #.##
..................# #.#


You could see an ogre.

Vanquished Creatures
  A scorpion (D:2)
  An orc priest (D:3)
  4 orc wizards (D:3)
  4 adders
  3 worms
  3 dart slugs
  11 orcs (D:3)
  12 bats
  8 endoplasms
  2 giant cockroaches
  11 hobgoblins
  2 jackals (D:3)
  4 quokkas
  3 ball pythons
  3 frilled lizards
  2 goblins
  5 kobolds
  12 rats (D:1)
91 creatures vanquished.

Notes
Turn   | Place    | Note
-------+----------+-------------------------------------------
     0 | D:1      | Redcow54321 the Gargoyle Fighter began the quest for the
                  | Orb.
     0 | D:1      | Reached XP level 1. HP: 14/14 MP: 1/1
   162 | D:1      | Reached XP level 2. HP: 19/19 MP: 2/2
   375 | D:1      | Reached skill level 3 in Maces & Flails
   803 | D:1      | Reached XP level 3. HP: 23/23 MP: 3/3
   887 | D:1      | Found a faded altar of an unknown god.
   890 | D:1      | Prayed at the altar of an unknown god.
   890 | D:1      | Became a worshipper of Elyvilon the Healer
   890 | D:1      | Reached * piety under Elyvilon
  1342 | D:2      | Reached skill level 4 in Maces & Flails
  1342 | D:2      | Reached XP level 4. HP: 28/28 MP: 4/4
  1726 | D:2      | Reached ** piety under Elyvilon
  1726 | D:2      | Noticed a scorpion
  1731 | D:2      | Killed a scorpion
  1732 | D:2      | Reached skill level 5 in Maces & Flails
  1732 | D:2      | Reached XP level 5. HP: 23/32 MP: 5/5
  2169 | D:3      | Found a broken altar of Ashenzari.
  2360 | D:3      | Reached skill level 6 in Maces & Flails
  2360 | D:3      | Reached XP level 6. HP: 26/37 MP: 6/6
  3086 | D:3      | Elyvilon protects you from harm!
  3557 | D:3      | Mangled by an ogre

Illustrated notes

Levels and vault maps discovered:
D:1:      zelgadis_glass_arrival_small, layout_basic,
          hellmonk_ecumenical_altar_inner_sanctum, minmay_rat_gold_closets
D:2:      layout_rooms, serial_glass, glass_columns_a, glass_columns_c,
          item_on_display_a, st_stairs_3
D:3:      layout_loops_cross, mainiacjoe_overflow_boulevard

Skill      XL: |  1  2  3  4  5 |
---------------+----------------+-----
Maces & Flails | 3 4 5 6 |  6.5
Fighting       | |  3.4
Armour         | |  3.2
Dodging        | |  0.6
Shields        | |  3.2

Action                   |  1- 3 |  4- 6 || total
-------------------------+-------+-------++-------
Melee: Flail             |   155 |   211 ||   366
  Use: Potion            |       |     3 ||     3
Armor: Scale mail        |    98 |   153 ||   251
Dodge: Dodged            |    85 |   103 ||   188
Block: Buckler           |    33 |    49 ||    82

Table legend: (Time is in decaauts)
 A = Elapsed time spent in this place.
 B = Non-inter-level travel time spent in this place.
 C = Inter-level travel time spent in this place.
 D = Time resting spent in this place.
 E = Time spent auto-exploring this place.
 F = Levels seen in this place.
 G = Mean time per level.
                   A        B        C        D        E       F      G
               +--------+--------+--------+--------+--------+-----+--------+
         Total |   3626 |   3570 |     56 |    265 |   2456 |   3 | 1208.7 |
       Dungeon |   3626 |   3570 |     56 |    265 |   2456 |   3 | 1208.7 |
               +--------+--------+--------+--------+--------+-----+--------+

Top non-repeatable levels by time:
     D:3: 1426 daAuts
     D:1: 1255 daAuts
     D:2: 944 daAuts
